 Dungeon Crawl Stone Soup version 0.23-a0-326-gb49dddc804 (webtiles) character file.

30 Napalmbreeze the Chiller (level 3, -2/26 HPs)
             Began as a Barachi Ice Elementalist on Oct 16, 2018.
             Slain by an iron imp (3 damage)
             ... summoned by Natasha
             ... on level 2 of the Dungeon.
             The game lasted 00:03:10 (1094 turns).

Napalmbreeze the Chiller (Barachi Ice Elementalist) Turns: 1094, Time: 00:03:11

Health: -2/26      AC:  2    Str:  9    XL:     3   Next: 20%
Magic:  0/6        EV: 12    Int: 16    God:
Gold:   64         SH:  0    Dex: 12    Spells: 6/7 levels left

rFire    . . .     SeeInvis .   d - +0 club
rCold    . . .     Gourm    +   (no shield)
rNeg     . . .     Faith    .   a - +0 robe
rPois    .         Spirit   .   (no helmet)
rElec    .         Reflect  .   (no cloak)
rCorr    +         Harm     .   (no gloves)
MR       .....                  (no boots)
Stlth    ++........             f - amulet of the gourmand
HPRegen  0.08/turn              g - ring of resist corrosion
MPRegen  0.10/turn              (no ring)

@: slow
A: +LOS, swims, slowness 1, strong legs 1
a: Hop


You were on level 2 of the Dungeon.
You were not hungry.

You visited 1 branch of the dungeon, and saw 2 of its levels.

You collected 64 gold pieces.

Inventory:

Hand Weapons
 d - a +0 club (weapon)
Armour
 a - a +0 robe (worn)
Jewellery
 b - an uncursed amulet of faith {unknown}
 f - an amulet of the gourmand (around neck)
 g - a ring of resist corrosion (left hand)
Scrolls
 e - a scroll of magic mapping {unknown}
 h - a scroll of identify {unknown}
Comestibles
 c - a ration


   Skills:
 + Level 1.4 Fighting
 - Level 2.1 Dodging
 - Level 1.7 Stealth
 + Level 2.6 Spellcasting
   Level 1.1 Conjurations
 * Level 4.4 Ice Magic


You had 6 spell levels left.
You knew the following spells:

 Your Spells              Type           Power        Failure   Level  Hunger
a - Freeze                Ice            ###.         3%          1    #......

Your spell library contained the following spells:

 Spells                   Type           Power        Failure   Level  Hunger
 Throw Frost              Conj/Ice       ##....       10%         2    ##.....
 Ozocubu's Armour         Chrm/Ice       #.......     24%         3    ###....
 Throw Icicle             Conj/Ice       ##......     52%         4    #####..
 Summon Ice Beast         Ice/Summ       #.......     61%         4    #####..


Dungeon Overview and Level Annotations

Branches:
Dungeon (2/15)

Altars:
Zin

Annotations:
D:2 Natasha


Innate Abilities, Weirdness & Mutations

Shadows flee at your approach. (+LOS)
You can swim through water.
You cover ground slowly.
You can hop short distances.


Message History

Aiming: Freeze (safe; 3% risk of failure)
Press: ? - help, Shift-Dir - straight line, f/p - Natasha
Aim: Natasha (moderately wounded)
You freeze Natasha.
Natasha is heavily wounded.
The iron imp hits you!
* * * LOW HITPOINT WARNING * * *
Natasha stares at you and mumbles some strange words.
The magic dart hits you!
* * * LOW HITPOINT WARNING * * *
Casting: Freeze (safe; 3% risk of failure)
Confirm with . or Enter, or press ? or * to list all spells.
Aiming: Freeze (safe; 3% risk of failure)
Press: ? - help, Shift-Dir - straight line, f/p - Natasha
Aim: Natasha (heavily wounded)
You freeze Natasha.
Natasha is heavily wounded.
Natasha mumbles some strange words.
The iron imp hits you.
You die...

#.##...####.# #.##.....##.#
# #.##8^..8##.###.###
#.####'####... ... #.
#.......###.###.###### #.#
#.....#.#5..#......... #.#
#.......#5#..........# #.#
#..####.#h#.....5....#
#.#####.......@†#..........#
#..............5#...h......#
#.......######.##.#.#.......
#.......#...........#.......
#.......####.#.###..########
#.......# #.#.# .........
###.#########.#.# #.......
#...........#.#.#######.#
#.#.#######.#.#.........#


You could see an iron imp, Natasha, a crimson imp and a white imp.

Vanquished Creatures
  An ooze (D:2)
  A dart slug (D:1)
  A leopard gecko (D:1)
  A giant cockroach (D:1)
  2 goblins (D:1)
  2 hobgoblins (D:1)
  3 jackals (D:1)
  2 kobolds
  A ball python (D:2)
  5 bats
  A frilled lizard (D:1)
  2 rats (D:1)
22 creatures vanquished.

Notes
Turn   | Place    | Note
-------+----------+-------------------------------------------
     0 | D:1      | Napalmbreeze the Barachi Ice Elementalist began the quest
                  | for the Orb.
     0 | D:1      | Reached XP level 1. HP: 13/13 MP: 3/3
   257 | D:1      | Reached skill level 4 in Ice Magic
   257 | D:1      | Reached XP level 2. HP: 20/20 MP: 1/5
   365 | D:1      | Reached skill level 1 in Fighting
   979 | D:2      | Reached XP level 3. HP: 25/26 MP: 6/6
  1064 | D:2      | Noticed an angel
  1065 | D:2      | Found a glowing silver altar of Zin.
  1079 | D:2      | Noticed Natasha
  1093 | D:2      | HP: 1/26 [Natasha/magic dart (6)]
  1094 | D:2      | Slain by an iron imp

Vault maps used:
D:1:      sevenhm_arrival_forest_fort_small_6
D:2:      zin_angel, first_ration, uniq_robin, uniq_natasha

Skill      XL: |  1  2 |
---------------+-------+-----
Ice Magic      | 4 |  4.4
Fighting       | 1 |  1.4
Dodging        | |  2.1
Stealth        | |  1.7
Spellcasting   | |  2.6
Conjurations   | |  1.1

Action                   || total
-------------------------++-------
Melee: Club              ||    21
 Cast: Freeze            ||    33
  Eat: Chunk             ||     2
Armor: Robe              ||    17
Dodge: Dodged            ||    48

Table legend:
 A = Non-vault XP
 B = Vault XP
 C = Vault XP percentage of total XP
 D = Non-vault monster count
 E = Vault monster count
 F = Vault count percentage of total count
                 A         B        C        D         E       F
            +---------+---------+-------+---------+---------+-------
      Total |      44 |       0 |   0.0 |      22 |       0 |   0.0
            +---------+---------+-------+---------+---------+-------
        D:1 |      33 |       0 |   0.0 |      18 |       0 |   0.0
        D:2 |      11 |       0 |   0.0 |       4 |       0 |   0.0
            +---------+---------+-------+---------+---------+-------
